 Dungeon Crawl Stone Soup version 0.19.0-19-g8c6edcc (webtiles) character file.

19376 kroki the Cleaver (level 12, -4/107 HPs)
             Began as a Purple Draconian Berserker on Nov 15, 2016.
             Was a High Priest of Trog.
             Slain by a slime creature (14 damage)
             ... on level 11 of the Dungeon.
             The game lasted 00:15:45 (14732 turns).

kroki the Cleaver (Purple Draconian Berserker)     Turns: 14732, Time: 00:15:46

Health: -4/107     AC: 12    Str: 19    XL:     12   Next: 36%
Magic:  12/12      EV: 18    Int:  7    God:    Trog [*****.]
Gold:   212        SH:  0    Dex: 17    Spells: 0 memorised, 11 levels left

rFire  . . .     SeeInvis .     B - +3 executioner's axe (freeze)
rCold  . . .     Gourm    .     (armour unavailable)
rNeg   . . .     Faith    +     (shield currently unavailable)
rPois  .         Spirit   .     (helmet restricted)
rElec  .         Reflect  .     (no cloak)
rCorr  .         Harm     .     w - +0 pair of gloves
MR     ++...                    (no boots)
Stlth  ++........               z - amulet of faith {Faith, !P}
                                a - ring of protection from magic {MR+, !d}
                                d - +3 ring of protection

@: exhausted, slowed, very slow
A: breathe power, unfitting armour, cold-blooded, AC +8
a: Breathe Dispelling Energy, Berserk, Trog's Hand, Brothers in Arms, Burn
Spellbooks, Renounce Religion


You were on level 11 of the Dungeon.
You worshipped Trog.
Trog was extremely pleased with you.
You were hungry.

You visited 1 branch of the dungeon, and saw 11 of its levels.
You also visited: Ossuary and Bailey.

You collected 1091 gold pieces.
You spent 879 gold pieces at shops.

Inventory:

Hand Weapons
 s - the +8 war axe of the Manifold Tales {chop, Int+7}
   (You bought it in a shop on level 4 of the Dungeon)

   It inflicts extra damage upon your enemies.
   It affects your intelligence (+7).
 B - a +3 executioner's axe of freezing (weapon)
   (Trog gifted it to you in an ossuary)
 L - the +11 arbalest of Instant Death {elec, rF- rC+ Stlth+}
   (Trog gifted it to you on level 11 of the Dungeon)

   It charges the ammunition it shoots with electricity; occasionally upon a
   hit, such missiles may discharge and cause terrible harm.
   It makes you vulnerable to fire.
   It protects you from cold.
   It makes you more stealthy.
Missiles
 u - 5 throwing nets {=f, !d}
Armour
 w - a +0 pair of gloves (worn)
   (You found it on level 5 of the Dungeon)
 x - a +2 shield
   (You found it on level 7 of the Dungeon)
 y - a +2 shield
   (You found it on level 5 of the Dungeon)
 N - a +0 cloak
   (You found it on level 10 of the Dungeon)
Rods
 P - a +0 rod of shadows (14/14)
   (You found it on level 10 of the Dungeon)
Jewellery
 a - a ring of protection from magic (right hand) {MR+, !d}
   (You found it on level 5 of the Dungeon)
 d - a +3 ring of protection (left hand)
   (You found it on level 1 of the Dungeon)
 z - an amulet of faith (around neck) {Faith, !P}
   (You found it in a bailey)
 E - an uncursed ring of positive energy {rN+}
   (You found it on level 7 of the Dungeon)
Wands
 l - a wand of iceblast (6/15)
   (You found it on level 3 of the Dungeon)
 t - a wand of polymorph (6/24)
   (You found it on level 5 of the Dungeon)
 H - a wand of lightning (3/15)
   (You found it on level 8 of the Dungeon)
 I - a wand of iceblast (7/15)
   (You found it on level 8 of the Dungeon)
 J - a wand of polymorph (14/24)
   (You found it on level 9 of the Dungeon)
Scrolls
 c - 6 scrolls of random uselessness
 g - 6 scrolls of remove curse
 j - 5 scrolls of teleportation
 m - 2 scrolls of enchant armour
 r - a scroll of fog
 v - 3 scrolls of noise {!r}
 C - 2 scrolls of recharging
 F - a scroll of identify
 Q - a scroll of enchant weapon
Potions
 e - 2 potions of berserk rage {!q}
 f - 3 potions of curing
 h - a potion of flight
 i - 4 potions of lignification {!q}
 n - 2 potions of heal wounds
 o - a potion of resistance
 q - a potion of cancellation
 A - a potion of haste
 D - 4 potions of degeneration {!q}
 G - 2 potions of invisibility
Books
 k - a book of Conjurations
   (You found it on level 6 of the Dungeon)
 M - a book of Cantrips
   (You found it on level 9 of the Dungeon)
Comestibles
 b - 9 bread rations {@e1}
 p - 3 meat rations {@e2}
 K - 22 chunks of flesh {@w0}
 O - 2 beef jerkies


   Skills:
 + Level 10.5 Fighting
 + Level 14.5(14.8) Axes
   Level 4.7(10.8) Maces & Flails
 + Level 8.9 Dodging


You had 11 spell levels left.
You didn't know any spells.

Dungeon Overview and Level Annotations

Branches:
Dungeon (11/15)            Temple (0/1) D:4            Lair (0/6) D:11
    Orc: D:9-12

Altars:
Ashenzari
Cheibriados
Dithmenos
Fedhas
Gozag
Kikubaaqudgha
Makhleb
Nemelex Xobeh
Qazlal
Ru
Uskayaw
Yredelemnul
Jiyva

Shops:
D:4 [%(!   D:11 (


Innate Abilities, Weirdness & Mutations

You can breathe bolts of dispelling energy.
Your rich purple scales are hard. (AC +8)
You cannot fit into any form of body armour.
You are cold-blooded and may be slowed by cold attacks.


Message History

You freeze the sky beast. You slash the centaur! You freeze the centaur.
You kill the centaur!
Trog accepts your kill.
You slice the centaur!! You freeze the centaur.
You kill the centaur!
Trog accepts your kill. The gargoyle hits you with a mace!
You take 9 damage, and have 51/160 hp.
You hit the gargoyle. You freeze the gargoyle.
You feel the power of Trog in you as your rage grows.
You destroy the gargoyle!
Trog accepts your kill.
You slice the sky beast!! You freeze the sky beast.
You kill the sky beast!
Trog accepts your kill.
You closely miss the centaur. You hit the centaur. You freeze the centaur.
You kill the centaur!
Trog accepts your kill.
The centaur unwields an uncursed shortbow.
The centaur hits you.
You take 2 damage, and have 49/160 hp.
You closely miss the centaur.
The centaur hits you but does no damage.
You slice the centaur!! You freeze the centaur.
You kill the centaur!
Trog accepts your kill.
Things that are here:
an uncursed shortbow; 12 arrows Unknown command.
There isn't anything to butcher here.
There isn't anything to butcher here.
There isn't anything to butcher here.
There isn't anything to butcher here.
There isn't anything to butcher here.
You feel a strong urge to attack something.
Things that are here:
a shortbow; 12 arrows; a centaur corpse Unknown command.
You butcher the centaur corpse.
There isn't anything to butcher here.
There isn't anything to butcher here.
There isn't anything to butcher here.
There isn't anything to butcher here.
You feel your anger subside.
You are no longer berserk.
You are exhausted.
You feel yourself slow down.
You now have 37/107 hp.
There isn't anything here!
There isn't anything here!
There isn't anything here!
There isn't anything here!
There isn't anything here!
Eating one of 24 chunks of flesh {@w0}.
You start eating one of the 24 chunks of flesh {@w0}.
You are feeling very hungry.
You regained 2 hp, and now have 39/107 hp.
Eating one of 23 chunks of flesh {@w0}.
You start eating one of the 23 chunks of flesh {@w0}.
You feel the effects of Trog's Hand fading.
You regained 2 hp, and now have 41/107 hp.
Unknown command.
You regained 2 hp, and now have 43/107 hp.
You regained 2 hp, and now have 45/107 hp.
You regained 2 hp, and now have 47/107 hp.
Your skin stops crawling.
You feel less resistant to hostile enchantments.
You hear the urgent ticking of a very distant clock. 2 slime creatures come into view.
The slime creature moves out of view.
A slime creature comes into view. x2
The slime creature hits you.
You take 5 damage, and have 44/107 hp.
The slime creature quivers.
The slime creature hits you.
You take 2 damage, and have 42/107 hp.
The slime creature closely misses you.
You hit the slime creature. You freeze the slime creature.
You slice the slime creature!! You freeze the slime creature.
The slime creature hits you.
The slime creature hits you but does no damage.
The slime creature hits you!!
* * * LOW HITPOINT WARNING * * *
The slime creature closely misses you.
A cyan ugly thing comes into view.
You take 20 damage, and have 23/107 hp.
The cyan ugly thing gurgles horribly!
You slice the slime creature!! You freeze the slime creature!
You slash the slime creature! You freeze the slime creature.
The slime creature closely misses you.
The slime creature completely misses you. x2
The slime creature hits you.
* * * LOW HITPOINT WARNING * * *
You take 1 damage, and have 22/107 hp.
You hit the slime creature. You freeze the slime creature.
You barely miss the slime creature.
You are feeling hungry.
The slime creature hits you!
* * * LOW HITPOINT WARNING * * *
The slime creature hits you!
You die...

.........# .........+
... .........# .....
.........# ..>.
#....######..###########
###..###.##..##.#..#...#
.....((......#.........#
.............#.........#
...........>.#..@......#
###...##....###JJ.##...#
###..###(...###.J.##...#
.+....((..))).....##...#
.#........))...........#
.#.........)...........#
####...................#
.. #..##...###....##...#
.. #.# #...# #....##...#


You could see 3 slime creatures.

Vanquished Creatures
  2 centaur skeletons (D:10)
  A gargoyle (D:11)
  A troll (D:9)
  A slime creature (D:10)
  A two-headed ogre (D:10)
  Prince Ribbit (D:5)
  A spriggan (D:8)
  12 yaks (D:11)
  2 wyverns
  2 steam dragons
  3 wargs (D:11)
  A water moccasin (D:9)
  A sky beast (D:11)
  13 orc warriors
  An ice beast (D:9)
  2 black bears
  2 phantoms
  3 ogres
  9 centaurs
  A big kobold (D:7)
  14 bullfrogs
  2 gnoll sergeants
  2 wyvern skeletons
  6 scorpions
  12 killer bees
  5 howler monkeys
  6 wights
  A vampire bat (D:2)
  5 crimson imps
  2 centaur zombies
  7 hounds
  A quasit (D:7)
  4 bullfrog skeletons
  3 jellies (D:10)
  2 human zombies (Ossuary)
  9 orc priests
  5 gnoll shamans (D:4)
  An iguana (D:4)
  20 orc wizards
  8 worker ants
  A big kobold zombie (Ossuary)
  2 hound skeletons
  5 mummies
  48 gnolls
  17 adders
  3 shadow imps (D:6)
  2 oozes
  3 worms
  11 dart slugs
  7 leopard geckos
  51 orcs
  8 bats
  2 bat skeletons (D:2)
  3 bat zombies (D:2)
  7 giant cockroaches
  9 goblins
  10 hobgoblins
  21 jackals
  A quokka (D:5)
  A ball python (D:3)
  2 frilled lizards
  2 gnoll zombies (Ossuary)
  18 kobolds
  A kobold zombie (Ossuary)
  An orc zombie (Ossuary)
  6 rats
417 creatures vanquished.

Vanquished Creatures (others)
  A wight (D:11)
1 creature vanquished.

Grand Total: 418 creatures vanquished

Notes
Turn   | Place    | Note
-------+----------+-------------------------------------------
     0 | D:1      | kroki the Draconian Berserker began the quest for the Orb.
     0 | D:1      | Reached XP level 1. HP: 19/19 MP: 1/1
   147 | D:1      | Reached XP level 2. HP: 26/26 MP: 2/2
   156 | D:1      | Reached skill level 3 in Dodging
   704 | D:1      | Reached XP level 3. HP: 31/31 MP: 3/3
   743 | D:1      | Reached ** piety under Trog
  1364 | D:2      | Reached skill level 4 in Fighting
  1375 | D:2      | Reached skill level 4 in Maces & Flails
  1534 | D:2      | Reached XP level 4. HP: 37/40 MP: 4/4
  1953 | D:2      | Found an ancient bone altar of Kikubaaqudgha.
  2038 | D:2      | Reached XP level 5. HP: 47/47 MP: 5/5
  2142 | D:2      | Reached *** piety under Trog
  3310 | D:4      | Found Taczetz's Antique Weapon Boutique.
  3324 | D:4      | Reached skill level 4 in Dodging
  3337 | D:4      | Bought a pitted war axe for 229 gold pieces
  3337 | D:4      | Identified the +8 war axe of the Manifold Tales {chop, Int+7} (You bought it in a shop on level 4 of the Dungeon)
  3355 | D:4      | Found Maeleess's Food Emporium.
  3366 | D:4      | Reached skill level 5 in Fighting
  3366 | D:4      | Reached XP level 6. HP: 56/56 MP: 6/6
  3400 | D:4      | Reached skill level 1 in Axes
  3542 | D:4      | Reached skill level 2 in Axes
  3610 | D:4      | Reached skill level 3 in Axes
  3677 | D:4      | Found Vunwu's Antique Armour Shoppe.
  3688 | D:4      | Found a shadowy altar of Dithmenos.
  3690 | D:4      | Found a staircase to the Ecumenical Temple.
  3716 | D:4      | Noticed an orc warrior
  3746 | D:4      | Reached **** piety under Trog
  3760 | D:4      | Killed an orc warrior
  3760 | D:4      | Reached skill level 4 in Axes
  3760 | D:4      | Your scales start taking on a rich purple colour.
  3760 | D:4      | Reached XP level 7. HP: 59/61 MP: 7/7
  4043 | D:4      | Reached skill level 5 in Axes
  4232 | D:4      | Found Lovof's Distillery.
  4603 | D:4      | Reached skill level 6 in Axes
  4620 | D:4      | Reached XP level 8. HP: 41/68 MP: 8/8
  4628 | D:4      | Reached skill level 7 in Axes
  4629 | D:4      | Reached ***** piety under Trog
  4963 | D:4      | HP: 15/68 [gnoll/spear (8)]
  4964 | D:4      | Reached skill level 8 in Axes
  5309 | D:4      | Found a snail-covered altar of Cheibriados.
  5309 | D:4      | Found a shattered altar of Ashenzari.
  5560 | D:5      | Entered Level 5 of the Dungeon
  5591 | D:5      | Found an opulent altar of Gozag.
  6013 | D:5      | Found a basalt altar of Yredelemnul.
  6160 | D:5      | Noticed Prince Ribbit
  6181 | D:5      | Killed Prince Ribbit
  6181 | D:5      | Reached skill level 9 in Axes
  6342 | D:5      | Found a blossoming altar of Fedhas.
  7038 | D:6      | Reached XP level 9. HP: 63/74 MP: 9/9
  7436 | D:6      | Reached skill level 5 in Dodging
  7439 | D:6      | Reached skill level 6 in Fighting
  7487 | D:6      | Reached skill level 10 in Axes
  7669 | D:7      | Found a flagged portal.
  7696 | Bailey   | Entered a bailey
  7743 | Bailey   | HP: 14/78 [orc warrior/war axe (16)]
  7800 | Bailey   | Reached skill level 7 in Fighting
  7969 | D:7      | Found a stormy altar of Qazlal.
  8025 | D:7      | Noticed a hand axe
  8025 | D:7      | Noticed an enchanted dagger
  8026 | D:7      | Found a hide-covered altar of Uskayaw.
  8054 | D:7      | Found a sand-covered staircase.
  8064 | Ossuary  | Entered an ossuary
  8110 | Ossuary  | Received a gift from Trog
  8161 | Ossuary  | Reached skill level 6 in Dodging
  8454 | D:7      | Found a sparkling altar of Nemelex Xobeh.
  8986 | D:7      | Found a sacrificial altar of Ru.
  9088 | D:8      | Reached XP level 10. HP: 75/86 MP: 10/10
  9812 | D:8      | Reached skill level 8 in Fighting
  9812 | D:8      | Reached skill level 11 in Axes
 10879 | D:9      | Found a burning altar of Makhleb.
 11114 | D:9      | Reached skill level 7 in Dodging
 11899 | D:9      | Reached skill level 9 in Fighting
 11901 | D:9      | Received a gift from Trog
 12874 | D:4      | Bought a potion of experience for 650 gold pieces
 12874 | D:4      | Reached skill level 14 in Axes
 12874 | D:4      | Reached XP level 11. HP: 97/97 MP: 11/11
 13014 | D:10     | Entered Level 10 of the Dungeon
 13843 | D:10     | Reached skill level 8 in Dodging
 13907 | D:10     | Reached XP level 12. HP: 105/106 MP: 12/12
 13912 | D:10     | Found a viscous altar of Jiyva.
 13922 | D:10     | Identified a +0 rod of shadows (14/14) (You found it on level 10 of the Dungeon)
 14455 | D:11     | Found a staircase to the Lair.
 14466 | D:11     | Received a gift from Trog
 14475 | D:11     | Reached skill level 10 in Fighting
 14501 | D:11     | Got a fine arbalest {god gift}
 14502 | D:11     | Identified the +11 arbalest of Instant Death {elec, rF- rC+ Stlth+} (Trog gifted it to you on level 11 of the Dungeon)
 14614 | D:11     | HP: 25/106 [wight/enchanted short sword (2)]
 14619 | D:11     | HP: 26/159 [something (3)]
 14624 | D:11     | HP: 1/160 [yak (13)]
 14685 | D:11     | Found Ina Noy's Weapon Shop.
 14730 | D:11     | HP: 23/107 [slime creature (19)]
 14732 | D:11     | HP: 10/107 [slime creature (12)]
 14732 | D:11     | Slain by a slime creature

Skill      XL: |  1  2  3  4  5  6  7  8  9 10 11 12 |
---------------+-------------------------------------+-----
Dodging        | 3 4 6 7 8 |  8.9
Fighting       | 4 5 7 9 10 | 10.5
Maces & Flails | 4 |  4.7
Axes           | 4 6 9 10 14 | 14.5

Action                   |  1- 3 |  4- 6 |  7- 9 | 10-12 || total
-------------------------+-------+-------+-------+-------++-------
Melee: Mace              |   128 |   123 |       |       ||   251
       Tailslap          |    15 |    30 |    29 |    45 ||   119
       War axe           |       |    58 |   225 |       ||   283
       Executioner's axe |       |       |    34 |   324 ||   358
Invok: Berserk           |       |     1 |     6 |     7 ||    14
       Trog's Hand       |       |       |     2 |     5 ||     7
 Abil: Breathe Dispellin |       |       |     3 |     2 ||     5
Evoke: Wand              |       |       |    11 |     4 ||    15
  Use: Scroll            |     2 |     3 |    13 |     6 ||    24
       Potion            |       |       |     4 |     2 ||     6
 Stab: Distracted        |       |       |     1 |       ||     1
  Eat: Chunk             |     2 |     8 |    13 |    24 ||    47
       Meat ration       |       |       |     1 |       ||     1
       Beef jerky        |       |       |     1 |       ||     1
       Pizza             |       |       |     1 |     1 ||     2
       Bread ration      |       |       |     1 |       ||     1
Armor: Skin              |    49 |    69 |    99 |   144 ||   361
Dodge: Dodged            |    69 |   140 |   200 |   387 ||   796
Block: Shield            |       |       |    84 |       ||    84

Vault maps used:
D:1:      saegor_arrival_simple_b, kennysheep_decorative_pillar
D:2:      kennysheep_vampire_church, first_bread, minmay_pentomino_x2
D:3:      kennysheep_slugbush
D:4:      lemuel_castle_with_subvaults, gammafunk_temple_overflow_forgotten,
          serial_shops, shop_coins, shop, nicolae_shop_trees, shop
D:5:      kennysheep_mini, yredelemnul_altar_generic, grunt_gozag_statues,
          uniq_prince_ribbit1
D:6:      serial_corexii_hall, corexii_hall_statues_u, corexii_hall_statues_u,
          grunt_decor_cap, hangedman_decor_push
D:7:      nemelex_xobeh_ov_fountains_minmay, nicolae_ru_path_of_blood,
          dancing_weapons_uskayaw, grunt_qazlal_clouds, enter_bailey_2,
          gup_ossuary_entry_pyramid
D:8:      the_bakery
D:9:      nicolae_overflow_crystal_walls
D:10:     jiyva_altar_1
D:11:     erik_lair_orcish_takeover, serial_shops, shop, lab_entry_generic
Ossuary:  ossuary_crypta
Bailey:   bailey_axe_4, bailey

Table legend:
 A = Turns spent in this place as a percentage of turns spent in the entire game.
 B = Non-inter-level travel turns spent in this place as a percentage of non-inter-level travel turns spent in the entire game.
 C = Inter-level travel turns spent in this place as a percentage of turns spent in this place.
 D = Turns resting spent in this place as a percentage of non-inter-level travel turns spent in this place.
 E = Turns spent auto-exploring this place as a percentage of non-inter-level travel turns spent in this place.
 F = Non-inter-level travel turns spent in this place divided by the number of levels of this place that you've seen.
                   A       B       C       D       E      F
               +-------+-------+-------+-------+-------+----------------------
         Total | 100.0 | 100.0 |   0.3 |   0.4 |   9.8 | 564.8
       Dungeon |  94.0 |  93.9 |   0.3 |   0.4 |   9.6 | 627.1
       Ossuary |   2.7 |   2.7 |   0.0 |   1.0 |  28.1 | 196.0
        Bailey |   3.4 |   3.4 |   0.0 |   1.6 |   0.0 | 249.0
               +-------+-------+-------+-------+-------+----------------------

Table legend:
 A = Kills in this place as a percentage of kills in entire the game.
 B = Kills by you in this place as a percentage of kills by you in the entire game.
 C = Kills by friends in this place as a percentage of kills by friends in the entire game.
 D = Other kills in this place as a percentage of other kills in the entire game.
 E = Experience gained in this place as a percentage of experience gained in the entire game.
 F = Experience gained in this place divided by the number of levels of this place that you have seen.
                   A       B       C       D       E      F
               +-------+-------+-------+-------+-------+----------------------
         Total | 100.0 | 100.0 |  -nan |  -nan | 100.0 | 1374.2
       Dungeon |  91.1 |  91.1 |  -nan |  -nan |  93.2 | 1514.5
       Ossuary |   2.9 |   2.9 |  -nan |  -nan |   1.3 | 230.0
        Bailey |   6.0 |   6.0 |  -nan |  -nan |   5.5 | 976.0
               +-------+-------+-------+-------+-------+----------------------
